 Dungeon Crawl Stone Soup version 0.28-a0-1395-g4f6bc678fa (webtiles) character file.

Game seed: 13504053303906193684

2825 Cheeritup the Spear-Bearer (level 9, -3/71 HPs)
             Began as a Merfolk Gladiator on Jan 4, 2022.
             Was a Follower of Okawaru.
             Blown up by a centaur (13 damage)
             ... with a mindburst bolt
             ... on level 7 of the Dungeon.
             The game lasted 00:50:17 (9430 turns).

Cheeritup the Spear-Bearer (Merfolk Gladiator)      Turns: 9430, Time: 00:50:18

Health: -3/71      AC:  9    Str: 14    XL:     9   Next: 73%
Magic:  9/9        EV: 16    Int:  7    God:    Okawaru [*.....]
Gold:   352        SH:  0    Dex: 20    Spells: 8/8 levels left

rFire   . . .      SeeInvis .   a - +4 trident
rCold   . . .      Faith    .   j - orb {*Rage}
rNeg    . . .      Spirit   .   n - +0 ring mail
rPois   .          Reflect  .   c - +0 helmet
rElec   .          Harm     .   t - +0 cloak
rCorr   .          Rampage  .   o - +0 pair of gloves
Will    .....      Rage     20% f - +0 pair of boots
Stlth   +.........              (no amulet)
HPRegen 0.21/turn               D - +4 ring of slaying
MPRegen 0.11/turn               (no ring)

@: about to teleport
A: (nimble swimmer 2), mertail
a: Renounce Religion, Heroism


You were on level 7 of the Dungeon.
You worshipped Okawaru.
Okawaru was aware of your devotion.
You visited 2 branches of the dungeon, and saw 8 of its levels.

You collected 412 gold pieces.
You spent 60 gold pieces at shops.

Inventory:

Hand Weapons
 a - a +4 trident (weapon)
 v - a +0 glaive
 w - the +8 mace "Curedeuc" {vamp, rPois}
   (You found it on level 4 of the Dungeon)

   It occasionally heals its wielder for a portion of the damage dealt when it
   wounds a living foe.
   rPois:     It protects you from poison.
 x - a +3 quarterstaff of chaos
Missiles
 d - 3 throwing nets
 k - 5 silver boomerangs (quivered)
 p - 2 curare-tipped darts
 A - 2 atropa-tipped darts
 C - 2 boomerangs
Armour
 b - a +0 leather armour
 c - a +0 helmet (worn)
 f - a +0 pair of boots (worn)
 h - a scarf of shadows
 j - an orb of wrath (worn)
 n - a +0 ring mail (worn)
 o - a +0 pair of gloves (worn)
 t - a +0 cloak (worn)
Magical Staves
 y - a staff of poison
Jewellery
 u - a ring of fire
 D - a +4 ring of slaying (left hand)
Scrolls
 l - 5 scrolls of teleportation
Potions
 e - 2 potions of attraction
 g - a potion of curing
 i - 4 potions of lignification
 m - a potion of heal wounds {unknown}
 q - a potion of might
 r - a potion of ambrosia {unknown}
 s - a potion of haste
 z - 2 potions of brilliance
 B - 2 potions of flight


   Skills:
 * Level 6.5 Fighting
 - Level 14.0 Polearms
 + Level 3.2 Throwing
 * Level 9.4 Dodging


You had 8 spell levels left.
You didn't know any spells.
Your spell library contained the following spells:

 Spells                   Type           Power      Damage    Failure   Level
 Ignite Poison            Fire/Tmut/Pois 0%         N/A       96%         3
 Mephitic Cloud           Conj/Pois/Air  0%         N/A       96%         3
 Freezing Cloud           Conj/Ice/Air   0%         6-21      100%        5
 Summon Small Mammal      Summ           Unusable   N/A       N/A         1
 Call Canine Familiar     Summ           Unusable   N/A       N/A         3
 Summon Guardian Golem    Hex/Summ       Unusable   N/A       N/A         3

Dungeon Overview and Level Annotations

Branches:
Dungeon (7/15)             Temple (1/1) D:6

Altars:
Ashenzari
Cheibriados
Dithmenos
Elyvilon
Fedhas
Gozag
Hepliaklqana
Kikubaaqudgha
Makhleb
Nemelex Xobeh
Okawaru
Qazlal
Ru
Sif Muna
Trog
Uskayaw
Vehumet
Wu Jian
Xom
Yredelemnul
Zin
The Shining One

Shops:
D:4 *

Annotations:
D:5 2 transporters, Grim's ghost, novice FoFi


Innate Abilities, Weirdness & Mutations

((You are very nimble when in or above water. (Stealth+, EV+, Speed+++)))
Your lower body shifts to a powerful aquatic tail in water.


Message History

You are exhausted.
You feel yourself slow down.
You start resting.
You feel like a meek peon again.
You start resting.
Magic restored.
You start waiting.
You feel yourself speed up.
You start waiting.
You recover from your berserk rage.
You see here a sky beast corpse.
There is an escape hatch in the ceiling here.
You see here a +0 club.
E - a scroll of identify
As you read the scroll of identify, it crumbles to dust.
B - 2 potions of flight You see here a +0 robe.
Found 26 bolts.
A centaur comes into view.
It is carrying a wand of mindburst (18).
The centaur shouts!
The centaur wields a +0 shortbow.
The centaur shoots an arrow.
The arrow hits you.
The centaur zaps a wand.
Your mind is blasted!
The centaur shoots an arrow.
The arrow barely misses you.
The centaur zaps a wand.
You struggle to resist.
The centaur zaps a wand.
Your mind is blasted!
The centaur zaps a wand.
Your mind is blasted!
The centaur unwields a +0 shortbow.
The centaur barely misses you.
The centaur kicks you but does no damage.
You closely miss the centaur.
The centaur zaps a wand.
Your mind is blasted!
* * * LOW HITPOINT WARNING * * *
As you read the scroll of teleportation, it crumbles to dust.
You feel strangely unstable. The centaur closely misses you.
The centaur misses you. x2
The centaur kicks you but does no damage.
You hit the centaur but do no damage. You puncture the centaur!
The centaur is almost dead.
The centaur zaps a wand.
Your mind is blasted!
You die...

#.# #.# #.# #.# #.# #.# #.#
#.# #.# #.# #.#
#.##############
#.###########.#.............
#...............###########.
#######.##.@##### ##.
#.##c.# #####.. #.##..#
#...... #.##..# ...##..
.#.#..# #...... #
#...#########.(.####
##...(...c..... #..#........
. #...#.#######


You could see a centaur.

Vanquished Creatures
  Grinder (D:4)
  3 yaks (D:7)
  An ice beast (D:5)
  A sky beast (D:7)
  An orc warrior (D:5)
  A hornet zombie (D:5)
  An ogre (D:6)
  A centaur (D:7)
  A phantom (D:6)
  A bullfrog (D:6)
  A gnoll sergeant (D:6)
  A scorpion (D:7)
  A water moccasin zombie (D:5)
  A water moccasin skeleton (D:5)
  5 killer bees (D:7)
  6 wights
  4 howler monkeys
  A bullfrog zombie (D:6)
  A jelly (D:1)
  2 centaur skeletons
  5 hounds
  Crazy Yiuf (D:4)
  An orc priest (D:6)
  An iguana (D:5)
  2 orc wizards
  A hound skeleton (D:5)
  10 adders
  3 gnolls (D:6)
  2 shadow imps
  3 white imps
  An ufetubus (D:6)
  7 worms
  2 dart slugs (D:1)
  7 orcs
  4 ball pythons
  9 endoplasms
  2 giant cockroaches
  5 goblins
  4 hobgoblins
  7 jackals
  7 kobolds
  4 quokkas
  8 bats
  5 frilled lizards
  9 rats
145 creatures vanquished.

Vanquished Creatures (others)
  3 fungi (D:4)
3 creatures vanquished.

Grand Total: 148 creatures vanquished

Notes
Turn   | Place    | Note
-------+----------+-------------------------------------------
     0 | D:1      | Cheeritup the Merfolk Gladiator began the quest for the
                  | Orb.
     0 | D:1      | Reached XP level 1. HP: 16/16 MP: 1/1
     0 | D:1      | Noticed a jelly
     1 | D:1      | Found a runed translucent door.
   244 | D:1      | Reached XP level 2. HP: 22/22 MP: 2/2
   254 | D:1      | Reached skill level 5 in Polearms
   650 | D:1      | Reached XP level 3. HP: 27/27 MP: 3/3
  1390 | D:2      | Found a faded altar of an unknown god.
  1441 | D:3      | Reached skill level 6 in Polearms
  1769 | D:3      | Reached XP level 4. HP: 33/33 MP: 4/4
  1791 | D:3      | Reached skill level 5 in Dodging
  1941 | D:3      | Reached skill level 7 in Polearms
  2025 | D:3      | Reached XP level 5. HP: 35/38 MP: 5/5
  2262 | D:3      | Found an opulent altar of Gozag.
  3259 | D:3      | Reached skill level 8 in Polearms
  3381 | D:4      | Reached XP level 6. HP: 44/44 MP: 6/6
  3739 | D:4      | Noticed Grinder
  3756 | D:4      | Reached skill level 9 in Polearms
  3910 | D:4      | Killed Grinder
  3911 | D:4      | Reached XP level 7. HP: 52/52 MP: 7/7
  3959 | D:4      | Found Senu's General Store.
  3966 | D:4      | Bought a throwing net for 30 gold pieces
  3966 | D:4      | Bought a scroll of teleportation for 30 gold pieces
  3991 | D:4      | You fall into a shaft and drop 2 floors!
  4814 | D:6      | Reached skill level 10 in Polearms
  4882 | D:5      | Entered Level 5 of the Dungeon
  4904 | D:5      | Reached XP level 8. HP: 61/61 MP: 8/8
  5474 | D:5      | Reached skill level 5 in Fighting
  5689 | D:4      | Found a runed translucent door.
  5690 | D:4      | Noticed Crazy Yiuf
  5708 | D:4      | Killed Crazy Yiuf
  5712 | D:4      | Identified the +8 mace "Curedeuc" {vamp, rPois}
  6148 | D:1      | Reached skill level 11 in Polearms
  6317 | D:5      | Found a transporter.
  6326 | D:5      | Found a transporter.
  6326 | D:5      | Noticed Grim's ghost (novice FoFi)
  6596 | D:5      | Reached skill level 12 in Polearms
  7113 | D:6      | Reached skill level 13 in Polearms
  7133 | D:6      | Reached XP level 9. HP: 48/68 MP: 9/9
  7830 | D:6      | Found a staircase to the Ecumenical Temple.
  7839 | Temple   | Entered the Ecumenical Temple
  8212 | Temple   | Became a worshipper of Warmaster Okawaru
  8385 | D:6      | Reached skill level 14 in Polearms
  9217 | D:7      | Reached * piety under Okawaru
  9430 | D:7      | Blown up by a centaur

Illustrated notes

Levels and vault maps discovered:
D:1:      dpeg_arrival_caged_fury, layout_basic, serial_glass, glass_columns_a,
          glass_columns_b
D:2:      layout_basic, hellmonk_ecumenical_altar_leap_of_faith,
          dk_noncrumbling_3
D:3:      kennysheep_six_static_rooms, layout_basic, lemuel_round_altar
D:4:      layout_loops_ring, serial_shops, shop_fountains, uniq_grinder,
          uniq_crazy_yiuf_cottage
D:5:      layout_loops_corners, gammafunk_ghost_arena
D:6:      minmay_inner_zag, layout_loops_ring, lemuel_temple_firewalk_b,
          nicolae_figureground_pulse
D:7:      layout_loops_ring
Temple:   roderic_octagonal_lattice_temple

Skill      XL: |  1  2  3  4  5  6  7  8  9 |
---------------+----------------------------+-----
Polearms       | 5 6 7 8 9 10 13 14 | 14.0
Dodging        | 5 6 7 8 9 |  9.4
Fighting       | 3 4 5 6 |  6.5
Throwing       | 3 |  3.2

Action                   |  1- 3 |  4- 6 |  7- 9 || total
-------------------------+-------+-------+-------++-------
Melee: Trident           |   122 |   161 |   277 ||   560
Throw: Dart              |       |     3 |       ||     3
       Throwing net      |       |     2 |       ||     2
Invok: Heroism           |       |       |     1 ||     1
  Use: Scroll            |     1 |    10 |    13 ||    24
       Potion            |       |       |     2 ||     2
 Stab: Sleeping          |     1 |     1 |       ||     2
       Held in net/web   |       |     1 |       ||     1
Armor: Leather armour    |     6 |       |       ||     6
       Scale mail        |    28 |    19 |     3 ||    50
       Ring mail         |       |    26 |    45 ||    71
Dodge: Dodged            |    46 |    94 |   146 ||   286

Table legend: (Time is in decaauts)
 A = Elapsed time spent in this place.
 B = Non-inter-level travel time spent in this place.
 C = Inter-level travel time spent in this place.
 D = Time resting spent in this place.
 E = Time spent auto-exploring this place.
 F = Levels seen in this place.
 G = Mean time per level.
                   A        B        C        D        E       F      G
               +--------+--------+--------+--------+--------+-----+--------+
         Total |   9718 |   9410 |    308 |   3218 |   3447 |   8 | 1214.8 |
       Dungeon |   9328 |   9055 |    273 |   3218 |   3118 |   7 | 1332.6 |
        Temple |    389 |    354 |     35 |      0 |    329 |   1 |  389.0 |
               +--------+--------+--------+--------+--------+-----+--------+

Top non-repeatable levels by time:
     D:6: 2666 daAuts
     D:3: 1854 daAuts
     D:5: 1302 daAuts
     D:4: 1247 daAuts
     D:1: 794 daAuts
     D:2: 758 daAuts
     D:7: 704 daAuts
  Temple: 389 daAuts
